 Dungeon Crawl Stone Soup version 0.24-a0-244-ga6a6ab7 (webtiles) character file.

Game seed: 5741355207975491174

19 Leeroy the Conjurer (level 2, 0/15 HPs)
             Began as a Tengu Conjurer on Apr 10, 2019.
             Slain by a leopard gecko (4 damage)
             ... on level 2 of the Dungeon.
             The game lasted 00:03:24 (1132 turns).

Leeroy the Conjurer (Tengu Conjurer)                Turns: 1132, Time: 00:03:25

Health: 0/15       AC:  2    Str:  8    XL:     2   Next: 75%
Magic:  6/6        EV: 12    Int: 15    God:
Gold:   33         SH:  0    Dex: 14    Spells: 2/5 levels left

rFire    . . .     SeeInvis .   n - +0 short sword
rCold    . . .     Gourm    .   (no shield)
rNeg     . . .     Faith    .   a - +0 robe
rPois    .         Spirit   .   (helmet restricted)
rElec    .         Reflect  .   (no cloak)
rCorr    .         Harm     .   (no gloves)
MR       .....                  (boots unavailable)
Stlth    ++........             (no amulet)
HPRegen  0.05/turn              (no ring)
MPRegen  0.10/turn              (no ring)

@: no status effects
A: beak, talons 3
a: no special abilities


You were on level 2 of the Dungeon.
You were not hungry.

You visited 1 branch of the dungeon, and saw 2 of its levels.

You collected 33 gold pieces.

Inventory:

Hand Weapons
 e - a +0 dagger
 i - a +0 dagger
 k - a +0 mace
 n - a +0 short sword (weapon)
 o - a +0 club
Missiles
 b - 27 arrows
 m - 15 stones (quivered)
Armour
 a - a +0 robe (worn)
Scrolls
 d - a scroll of noise {unknown}
 g - a scroll of enchant armour {unknown}
 h - a scroll of identify {unknown}
 l - 2 scrolls of fear {unknown}
Potions
 f - 2 potions of brilliance {unknown}
 j - a potion of heal wounds {unknown}
Comestibles
 c - 4 rations
 p - 4 chunks of flesh


   Skills:
 + Level 0.6 Short Blades
 + Level 2.2 Dodging
 - Level 2.0 Stealth
 - Level 2.0 Spellcasting
 + Level 6.1 Conjurations


You had 2 spell levels left.
You knew the following spells:

 Your Spells              Type           Power        Failure   Level  Hunger
a - Magic Dart            Conj           ###.         1%          1    #......
b - Searing Ray           Conj           ###...       2%          2    ###....

Your spell library contained the following spells:

 Spells                   Type           Power        Failure   Level  Hunger
 Dazzling Spray           Conj/Hex       ##....       19%         3    ###....
 Iskenderun's Mystic Bla  Conj           ###.....     19%         4    #####..
 Force Lance              Conj/Tloc      ##......     52%         4    #####..
 Fulminant Prism          Conj/Hex       ##........   52%         4    #####..


Dungeon Overview and Level Annotations

Branches:
Dungeon (2/15)

Altars:


Innate Abilities, Weirdness & Mutations

You have a beak for a mouth.
You have claws for feet.


Message History

The jackal barely misses you.
You barely miss the jackal. Your kick misses the jackal.
The jackal barely misses you.
A jackal comes into view.
The jackal barks!
You hit the jackal.
The jackal is severely wounded.
The jackal bites you but does no damage.
The jackal bites you.
You closely miss the jackal. The jackal bites you. x2
You hit the jackal.
You kill the jackal!
The jackal closely misses you. The jackal bites you.
* * * LOW HITPOINT WARNING * * *
A goblin comes into view.
The jackal closely misses you.
You see here a jackal corpse.
The leopard gecko bites you.
You die...

#####.# #÷# #.#
#÷# #.# #.#
##.########
#..####.l.g.....%
#......@#!#.#####
#.#####.h.# #
#####


You could see a leopard gecko, a jackal and a goblin (wandering).

Vanquished Creatures
  A leopard gecko (D:2)
  2 bats (D:1)
  3 goblins
  A hobgoblin (D:2)
  A jackal (D:2)
  2 kobolds (D:2)
  A quokka (D:2)
  4 frilled lizards
  A rat (D:2)
16 creatures vanquished.

Notes
Turn   | Place    | Note
-------+----------+-------------------------------------------
     0 | D:1      | Leeroy the Tengu Conjurer began the quest for the Orb.
     0 | D:1      | Reached XP level 1. HP: 10/10 MP: 4/4
   392 | D:1      | Reached XP level 2. HP: 15/15 MP: 6/6
   399 | D:1      | Learned a level 2 spell: Searing Ray
  1108 | D:2      | Reached skill level 6 in Conjurations
  1132 | D:2      | Slain by a leopard gecko

Levels and vault maps discovered:
D:1:      lightli_arrival_statuegarden, layout_basic, serial_curves,
          eino_curves_02, eino_curves_03, eino_curves_04
D:2:      layout_loops_ring, first_ration, dk_noncrumbling_3, item_on_display_a

Skill      XL: |  1  2 |
---------------+-------+-----
Conjurations   | 6 |  6.1
Short Blades   | |  0.6
Dodging        | |  2.2
Stealth        | |  2.0
Spellcasting   | |  2.0

Action                   || total
-------------------------++-------
Melee: Dagger            ||    19
       Kick              ||     4
       Peck              ||     3
       Short sword       ||    16
 Cast: Magic Dart        ||     6
 Stab: Sleeping          ||     4
  Eat: Chunk             ||     1
Armor: Robe              ||     6
Dodge: Dodged            ||    23

Table legend:
 A = Non-vault XP
 B = Vault XP
 C = Vault XP percentage of total XP
 D = Non-vault monster count
 E = Vault monster count
 F = Vault count percentage of total count
                 A         B        C        D         E       F
            +---------+---------+-------+---------+---------+-------
      Total |      28 |       0 |   0.0 |      16 |       0 |   0.0
            +---------+---------+-------+---------+---------+-------
        D:1 |      11 |       0 |   0.0 |       7 |       0 |   0.0
        D:2 |      17 |       0 |   0.0 |       9 |       0 |   0.0
            +---------+---------+-------+---------+---------+-------
